 Dungeon Crawl Stone Soup version 0.19-a0-414-g76fec5b (webtiles) character file.

61048 tyrsky the Thaumaturge (level 15, -16/89 HPs)
             Began as a Gargoyle Earth Elementalist on May 31, 2016.
             Was the Champion of Vehumet.
             Killed from afar by an orc sorcerer (25 damage)
             ... with a bolt of fire
             ... on level 2 of the Orcish Mines.
             The game lasted 01:55:22 (26272 turns).

tyrsky the Thaumaturge (GrEE)                      Turns: 26272, Time: 01:55:23

Health: -16/89     AC: 20    Str: 18    XL:     15   Next: 1%
Magic:  4/41       EV: 16    Int: 24    God:    Vehumet [******]
Gold:   1527       SH:  2    Dex: 16    Spells: 11 memorised, 5 levels left

rFire  . . .     SeeInvis .     b - +10 short sword of Devotion {elec, Str+4 Int+4 Dex+3}
rCold  + + +     Gourm    .     Z - +2 robe {rC+}
rNeg   + . .     Faith    .     (no shield)
rPois  ∞         Spirit   .     (helmet restricted)
rElec  +         Dismiss  .     e - +2 cloak
rCorr  .         Reflect  +     B - +1 pair of gloves
SustAt .         Harm     .     (no boots)
MR     +....                    Q - +2 amulet of reflection
Stlth  +++.......               U - ring "Wuesoirgh" {rElec rC++ Dex+3 Stlth+}
                                I - ring of magical power

@: flying, somewhat resistant to hostile enchantments, fairly stealthy
A: antennae 1, big wings, negative energy resistance 1, electricity resistance,
unbreathing, petrification resistance, rot immunity, AC +11
a: Stop Flying, Renounce Religion


You were on level 2 of the Orcish Mines.
You worshipped Vehumet.
Vehumet was exalted by your worship.
You were not hungry.

You visited 4 branches of the dungeon, and saw 23 of its levels.
You also visited: Labyrinth and Ice Cave.

You collected 1527 gold pieces.

Inventory:

Hand Weapons
 b - the +10 short sword of Devotion (weapon) {elec, Str+4 Int+4 Dex+3}
   (You found it on level 8 of the Lair of Beasts)

   Occasionally, upon striking a foe, it will discharge some electrical energy
   and cause terrible harm.
   It affects your strength (+4).
   It affects your intelligence (+4).
   It affects your dexterity (+3).
Armour
 e - a +2 cloak (worn)
 t - a +0 buckler
 B - a +1 pair of gloves (worn)
 T - a steam dragon hide
 Z - a +2 robe of cold resistance (worn)
Magical Staves
 j - an uncursed staff of power
Jewellery
 g - an uncursed ring of wizardry
 q - the ring of Cutetz {rElec rF+ SInv Stlth+}
   (You found it in a labyrinth)

   [ring of see invisible]

   It protects you from fire.
   It insulates you from electricity.
   It lets you see invisible.
   It makes you more stealthy.
 s - an uncursed ring of fire
 A - an uncursed ring of protection from magic
 D - a +3 ring of intelligence
 I - a ring of magical power (left hand)
 Q - a +2 amulet of reflection (around neck)
 S - an uncursed ring of protection from cold
 U - the ring "Wuesoirgh" (right hand) {rElec rC++ Dex+3 Stlth+}
   (You found it in a labyrinth)

   [ring of stealth]

   It affects your dexterity (+3).
   It greatly protects you from cold.
   It insulates you from electricity.
   It makes you more stealthy.
 V - an uncursed amulet of regeneration
 X - an uncursed ring of protection from magic
Wands
 c - a wand of acid (5/15)
 n - a wand of teleportation (2/9)
 C - a wand of lightning (7/15)
Scrolls
 m - 2 scrolls of magic mapping
 r - a scroll of remove curse
 u - 2 scrolls of recharging
 x - 2 scrolls of fog
 y - 2 scrolls of amnesia
 F - a scroll of fear
 G - a scroll of acquirement {unknown}
 K - a scroll of enchant weapon
 L - 2 scrolls of immolation
 N - 3 scrolls of enchant armour
Potions
 a - 5 potions of curing
 f - a potion of lignification
 i - 2 potions of cure mutation
 k - a potion of cancellation
 l - 2 potions of brilliance
 p - 7 potions of resistance
 v - 7 potions of haste
 w - a potion of invisibility {unknown}
 H - 2 potions of agility
Books
 O - a book of Annihilations

   Spells                             Type                      Level
   a - Poison Arrow                   Conjuration/Poison           6
   b - Chain Lightning                Conjuration/Air              8
   c - Lehudib's Crystal Spear        Conjuration/Earth            8
   d - Glaciate                       Conjuration/Ice              9
   e - Fire Storm                     Conjuration/Fire             9
Comestibles
 d - 3 bread rations
 h - a royal jelly
 o - 12 meat rations
 z - a beef jerky
 J - 35 fruits
 M - 3 slices of pizza
 P - 5 chunks of flesh


   Skills:
 - Level 8.4 Fighting
 - Level 5.0 Armour
 - Level 6.6 Dodging
 - Level 2.1 Stealth
 - Level 3.1 Shields
 * Level 13.8 Spellcasting
 - Level 11.4 Conjurations
 - Level 0.7 Transmutations
 - Level 6.7 Fire Magic
 - Level 11.9 Earth Magic
 - Level 6.8 Evocations


You had 5 spell levels left.
You knew the following spells:

 Your Spells              Type           Power        Failure   Level  Hunger
a - Stone Arrow           Conj/Erth      ######       1%          3    None
b - Lee's Rapid Deconstr  Erth           ######....   1%          5    ###....
c - Passwall              Tmut/Erth      #####.....   1%          2    None
d - Sandblast             Erth           ######       1%          1    None
e - Conjure Flame         Conj/Fire      ######..     1%          3    None
f - Sticky Flame          Conj/Fire      ######..     1%          4    None
g - Fireball              Conj/Fire      ######....   1%          5    ###....
h - Delayed Fireball      Conj/Fire      N/A          28%         7    ######.
i - Apportation           Tloc           ###.......   4%          1    None
j - Blink                 Tloc           N/A          8%          2    None
k - Lehudib's Crystal Sp  Conj/Erth      ######....   71%         8    #######


Dungeon Overview and Level Annotations

Branches:
Dungeon (12/15)            Temple (1/1) D:7            Lair (8/8) D:8
 Shoals (0/4) Lair:4       Spider (0/4) Lair:3          Orc (2/2) D:12
  Slime: Lair:6-8       Elf: Orc:2

Altars:
Ashenzari
Cheibriados
Dithmenos
Elyvilon
Fedhas
Gozag
Hepliaklqana
Kikubaaqudgha
Makhleb
Nemelex Xobeh
Okawaru
Pakellas
Qazlal
Ru
Sif Muna
Trog
Uskayaw
Vehumet
Xom
Yredelemnul
Zin
The Shining One

Shops:
D:12 }   Orc:2 *=

Annotations:
Lair:1 exclusion: black mamba
Lair:2 Gastronok
Lair:8 slime se, exclusion: 3 oklob plants


Innate Abilities, Weirdness & Mutations

You are resistant to torment.
Your stone body is resilient (AC +11).
You are immune to poison.
Your large and strong wings let you fly indefinitely.
You resist negative energy. (rN+)
You are resistant to electric shocks. (rElec)
You can survive without breathing.
You are immune to petrification.
You are immune to rotting.
You have a pair of small antennae on your head.


Message History

Confirm with . or Enter, or press ? or * to list all spells.
Aiming: Fireball
Press: ? - help, Shift-Dir - straight line, f - orc knight, p - orc warrior
Aim: an orc knight, wielding a dire flail and wearing a shiny chain mail (black smoke, heavily wounded)
The fireball explodes!
The fireball engulfs the orc knight.
The orc knight resists.
The orc knight is severely wounded.
The fireball engulfs the ufetubus.
The ufetubus is burned terribly!
You kill the ufetubus!
The fireball engulfs the ufetubus.
The ufetubus is burned terribly!
You kill the ufetubus!
The fireball engulfs the orc warrior.
You kill the orc warrior!
Vehumet accepts your kill.
You feel your power returning.
The fireball engulfs the troll.
The troll is severely wounded.
Your surroundings suddenly seem different.
The orc high priest prays to Beogh.
The orc sorcerer casts a spell at you. The bolt of fire hits you!
You die...

##..§§T§.........
#..§3§§§.........
#..§§§§#5o..P....
##.§§§§§....PP...
##..§.......P....
#...........P..P.
#.....P........... ...
##...#.....∩.....#....
#......P9........#$...
##..........).o......
#......P..3.).....#
...........o)...)# .
#..........†o)..#....
##...#.##.#..T.......
#.........#......^..
##....##.#.$.....P..
#......)...


You could see 2 orc high priests, a troll, a neqoxec, an orc sorcerer, an orc
warrior and an ufetubus.

Vanquished Creatures
  An acid blob (Lair:8)
  An orc warlord (Orc:1)
  A minotaur (Lab)
  Snorg (D:12)
  Josephine (D:12)
  7 hydras
  Erolcha (D:8)
  2 death yaks (Lair:8)
  An orc high priest (Orc:2)
  A hill giant (D:8)
  An orc knight (Orc:2)
  3 ugly things
  A cyclops (D:11)
  2 orc sorcerers
  A manticore (D:12)
  A griffon (Lair:7)
  13 elephants
  Joseph (D:7)
  Psyche (D:8)
  8 spiny frogs
  7 black mambas
  3 rime drakes
  A gargoyle (D:10)
  4 komodo dragons
  2 spriggan druids
  7 trolls
  6 polar bears
  Prince Ribbit (D:7)
  2 two-headed ogres (Orc:1)
  21 blink frogs
  A snapping turtle (Lair:4)
  13 spriggans (Lair:8)
  2 vampires
  5 wraiths
  11 redbacks
  A wyvern (Lair:7)
  2 hill giant zombies (D:12)
  2 basilisks
  2 hungry ghosts (D:12)
  22 yaks
  10 hippogriffs
  A steam dragon (Lair:5)
  Menkaure (D:7)
  A warg (Orc:2)
  18 water moccasins
  5 porcupines
  8 ice beasts
  8 orc warriors
  4 black bears
  3 phantoms
  4 wasps (Lair:8)
  3 centaurs
  10 ogres
  37 wolves
  9 crocodiles
  4 big kobolds
  15 giant frogs
  A wyvern skeleton (D:7)
  4 scorpions
  5 killer bees (D:12)
  6 howler monkeys
  3 giant frog zombies
  3 jellies
  6 crimson imps
  8 orc priests
  9 hounds
  10 orc wizards
  A centaur skeleton (D:4)
  Jessica (D:3)
  3 giant frog skeletons
  9 worker ants
  8 iguanas
  19 sheep
  6 ogre zombies (D:12)
  A hound skeleton (D:7)
  Robin (D:2)
  4 gnolls (D:9)
  8 adders
  A howler monkey skeleton (D:7)
  77 river rats
  2 shadow imps (D:11)
  2 oozes
  2 adder zombies
  2 adder skeletons
  2 dart slugs
  8 giant geckos
  41 orcs
  4 giant cockroaches
  15 goblins
  9 hobgoblins
  6 jackals
  19 kobolds
  5 quokkas
  3 ball pythons
  10 bats
  3 giant newts
  2 goblin zombies (D:12)
  A hobgoblin skeleton (D:12)
  2 hobgoblin zombies (D:12)
  A jackal skeleton (D:5)
  5 orc skeletons (D:12)
  13 orc zombies (D:12)
  2 quokka skeletons
  12 rats
  5 fungi
675 creatures vanquished.

Vanquished Creatures (others)
  57 fungi
  40 plants
97 creatures vanquished.

Grand Total: 772 creatures vanquished

Notes
Turn   | Place    | Note
--------------------------------------------------------------
     0 | D:1      | tyrsky the Gargoyle Earth Elementalist began the quest for the Orb.
     0 | D:1      | Reached XP level 1. HP: 10/10 MP: 3/3
   146 | D:1      | Reached XP level 2. HP: 15/15 MP: 1/5
   757 | D:1      | Reached XP level 3. HP: 19/19 MP: 4/7
   761 | D:1      | Learned a level 2 spell: Passwall
   765 | D:1      | Learned a level 3 spell: Stone Arrow
  1083 | D:2      | Found a faded altar of an unknown god.
  1112 | D:2      | Found a bloodstained altar of Trog.
  1161 | D:2      | Found a blossoming altar of Fedhas.
  1163 | D:2      | Found a hazy altar of Hepliaklqana.
  1163 | D:2      | Found a hide-covered altar of Uskayaw.
  1165 | D:2      | Found a glowing golden altar of the Shining One.
  1166 | D:2      | Found a sacrificial altar of Ru.
  1185 | D:2      | Reached skill level 3 in Spellcasting
  1313 | D:2      | Found a radiant altar of Vehumet.
  1322 | D:2      | Became a worshipper of Vehumet
  1436 | D:2      | Noticed Robin
  1592 | D:2      | Reached XP level 4. HP: 23/24 MP: 5/8
  2109 | D:2      | Killed Robin
  2276 | D:3      | Noticed Jessica
  2283 | D:3      | Killed Jessica
  2283 | D:3      | Reached skill level 4 in Spellcasting
  2283 | D:3      | Reached skill level 5 in Earth Magic
  2283 | D:3      | Reached XP level 5. HP: 27/28 MP: 3/11
  2290 | D:3      | Learned a level 5 spell: Lee's Rapid Deconstruction
  2327 | D:3      | Reached * piety under Vehumet
  2327 | D:3      | Offered knowledge of Flame Tongue by Vehumet.
  3132 | D:4      | Noticed an ogre
  3190 | D:4      | Reached XP level 6. HP: 32/32 MP: 5/12
  3513 | D:4      | Reached skill level 5 in Spellcasting
  3697 | D:4      | Reached ** piety under Vehumet
  3838 | D:4      | Reached XP level 7. HP: 36/36 MP: 6/15
  4016 | D:4      | Found a stormy altar of Qazlal.
  4050 | D:4      | Offered knowledge of Sting by Vehumet.
  4208 | D:4      | Found a shadowy altar of Dithmenos.
  4212 | D:4      | Reached skill level 6 in Spellcasting
  4378 | D:5      | Entered Level 5 of the Dungeon
  4690 | D:5      | Reached XP level 8. HP: 41/41 MP: 12/18
  4770 | D:5      | Reached skill level 7 in Spellcasting
  5696 | D:6      | Found a sacrificial altar of Ru.
  6099 | D:6      | Reached skill level 8 in Spellcasting
  6451 | D:7      | Noticed Prince Ribbit
  6471 | D:7      | Noticed Joseph
  6576 | D:7      | Noticed Menkaure
  6585 | D:7      | Killed Menkaure
  6585 | D:7      | Offered knowledge of Searing Ray by Vehumet.
  6607 | D:7      | Reached XP level 9. HP: 34/45 MP: 6/21
  6987 | D:7      | Killed Joseph
  6987 | D:7      | Reached skill level 1 in Fighting
  6987 | D:7      | Reached skill level 1 in Evocations
  7100 | D:7      | Found a staircase to the Ecumenical Temple.
  7109 | Temple   | Entered the Ecumenical Temple
  7282 | D:7      | Killed Prince Ribbit
  7282 | D:7      | Reached skill level 9 in Spellcasting
  7572 | D:7      | Reached *** piety under Vehumet
  7646 | D:8      | Noticed Psyche
  7654 | D:8      | Killed Psyche
  7725 | D:8      | Reached skill level 5 in Conjurations
  7875 | D:8      | Noticed Erolcha
  7914 | D:8      | Killed Erolcha
  7914 | D:8      | Reached XP level 10. HP: 53/53 MP: 5/23
  7923 | D:8      | Found a staircase to the Lair.
  8245 | D:7      | Offered knowledge of Throw Icicle by Vehumet.
  8649 | D:8      | Found an opulent altar of Gozag.
  8683 | D:8      | Noticed a hill giant
  8690 | D:8      | Killed a hill giant
  8864 | Lair:1   | Entered Level 1 of the Lair of Beasts
  8959 | Lair:1   | Noticed a black mamba
  9363 | Lair:1   | Learned a level 3 spell: Conjure Flame
  9368 | Lair:1   | Learned a level 4 spell: Sticky Flame
  9374 | Lair:1   | Learned a level 5 spell: Fireball
  9382 | Lair:1   | Noticed a black mamba
  9672 | Lair:1   | Reached skill level 1 in Fire Magic
  9738 | Lair:1   | Killed a black mamba
  9769 | Lair:1   | Reached **** piety under Vehumet
  9847 | Lair:1   | Killed a black mamba
  9911 | Lair:2   | Noticed Gastronok
  9926 | Lair:2   | Found a frozen archway.
  9940 | IceCv    | Entered an ice cave
  9940 | IceCv    | Noticed a white ugly thing
  9947 | IceCv    | Reached XP level 11. HP: 60/60 MP: 22/24
  9954 | IceCv    | Killed a white ugly thing
  9954 | IceCv    | Offered knowledge of Venom Bolt by Vehumet.
 10079 | IceCv    | Noticed a white ugly thing
 10084 | IceCv    | Killed a white ugly thing
 10084 | IceCv    | Reached skill level 10 in Spellcasting
 10255 | Lair:2   | Found a labyrinth entrance.
 10271 | Lab      | Entered a labyrinth
 10432 | Lab      | Noticed a minotaur
 10441 | Lab      | Killed a minotaur
 10498 | Lab      | Got a warped amber ring
 10498 | Lab      | Identified the Disquisition on Cloudy Clay
 10498 | Lab      | Got a bound wooden ring
 11520 | Lair:3   | Reached skill level 1 in Armour
 11775 | Lair:3   | Found a hole to the Spider Nest.
 11962 | Lair:4   | Identified the ring of Cutetz {rElec rF+ SInv Stlth+} (You found it in a labyrinth)
 11964 | Lair:4   | Identified the ring "Wuesoirgh" {rElec rC++ Dex+3 Stlth+} (You found it in a labyrinth)
 11972 | Lair:4   | Noticed a seven-headed hydra
 11981 | Lair:4   | Killed a seven-headed hydra
 12203 | Lair:4   | Reached ***** piety under Vehumet
 12203 | Lair:4   | Reached skill level 5 in Fighting
 12215 | Lair:4   | Reached skill level 10 in Earth Magic
 12440 | Lair:4   | Reached XP level 12. HP: 68/68 MP: 16/26
 12493 | Lair:4   | Offered knowledge of Force Lance by Vehumet.
 12962 | Lair:4   | Found a staircase to the Shoals.
 14565 | Lair:5   | Reached skill level 5 in Dodging
 14565 | Lair:5   | Reached skill level 10 in Conjurations
 15043 | Lair:6   | Reached skill level 11 in Spellcasting
 15078 | Lair:6   | Noticed a six-headed hydra
 15092 | Lair:6   | Killed a six-headed hydra
 15092 | Lair:6   | Reached skill level 5 in Evocations
 16085 | Lair:7   | Reached XP level 13. HP: 74/74 MP: 28/28
 16180 | Lair:7   | Reached skill level 5 in Fire Magic
 16377 | Lair:8   | Entered Level 8 of the Lair of Beasts
 17570 | Lair:7   | Reached skill level 5 in Armour
 18264 | Lair:7   | Gained mutation: You have a pair of small antennae on your head. [potion of beneficial mutation]
 19070 | Lair:8   | Offered knowledge of Delayed Fireball by Vehumet.
 19814 | Lair:8   | Reached skill level 12 in Spellcasting
 20353 | Lair:8   | Got a crystal short sword
 20395 | Lair:8   | Identified the +10 short sword of Devotion {elec, Str+4 Int+4 Dex+3} (You found it on level 8 of the Lair of Beasts)
 20417 | Lair:8   | Gained mutation: Your large and strong wings let you fly indefinitely. [Gargoyle growth]
 20417 | Lair:8   | Reached XP level 14. HP: 83/83 MP: 30/30
 20551 | Lair:8   | Reached skill level 1 in Shields
 21053 | Lair:8   | Noticed an acid blob
 21090 | Lair:8   | Killed an acid blob
 22223 | Lair:8   | Learned a level 7 spell: Delayed Fireball
 22225 | Lair:8   | Learned a level 1 spell: Apportation
 22228 | Lair:8   | Learned a level 2 spell: Blink
 22237 | Lair:8   | Learned a level 8 spell: Lehudib's Crystal Spear
 22975 | D:10     | Entered Level 10 of the Dungeon
 24206 | D:11     | Offered knowledge of Bolt of Magma by Vehumet.
 25007 | D:12     | Found Xeniott's Gadget Emporium.
 25021 | D:12     | Noticed Josephine
 25044 | D:12     | HP: 4/84 [Josephine/ghostly fireball (9)]
 25261 | D:12     | Noticed Snorg
 25270 | D:12     | Killed Snorg
 25549 | D:12     | Found a shimmering altar of Xom.
 25637 | D:12     | Reached skill level 13 in Spellcasting
 25638 | D:12     | Killed Josephine
 25800 | D:12     | Reached ****** piety under Vehumet
 25823 | D:12     | Offered knowledge of Bolt of Fire by Vehumet.
 25851 | D:12     | Found a staircase to the Orcish Mines.
 25962 | Orc:1    | Entered Level 1 of the Orcish Mines
 26091 | Orc:2    | Entered Level 2 of the Orcish Mines
 26091 | Orc:2    | Found Pisos's General Store.
 26091 | Orc:2    | Found Etza's Jewellery Shop.
 26091 | Orc:2    | Noticed an orc warlord
 26102 | Orc:1    | Killed an orc warlord
 26260 | Orc:2    | Reached XP level 15. HP: 83/89 MP: 17/32
 26272 | Orc:2    | Killed from afar by an orc sorcerer

Vault maps used:
D:1:      minmay_arrival_shoal_huts
D:2:      grunt_temple_overflow_open, nicolae_overflow_crystal_walls,
          ecumenical_altar_1, uniq_robin
D:3:      first_bread, uniq_jessica
D:4:      grunt_qazlal_sundering, nicolae_dithmenos_through_a_glass_darkly
D:6:      nicolae_ru_great_annihilating_truth
D:7:      temple_hall, uniq_prince_ribbit1, uniq_joseph, uniq_menkaure
D:8:      kennysheep_mini_moat, due_lair_maze_entry_diamond,
          blue_anna_alchemist, uniq_erolcha, uniq_psyche
D:9:      kennysheep_opposing_triangles
D:10:     serial_bayou_pond_d, st_stairs_10
D:12:     zombieorc2_lemuel, serial_shops, shop, basic_altar, uniq_kirke,
          uniq_josephine, uniq_snorg
Temple:   eino_temple_water_12
Lair:2:   lab_entry_generic, portal_ice_cave_entry_pillars_1,
          cheibrodos_lair_caveside_slide, lemuel_fruit_tree, uniq_gastronok
Lair:3:   spider_nest_entry_rubble
Lair:4:   minmay_shoals_entry_hut, kilobyte_rumbling_trees
Lair:5:   beast_lair_carwin_large_1, nicolae_volcano_entry_s_turn,
          lemuel_fruit_fields
Lair:8:   minmay_lair_end_enchanted_forest, minmay_slime_entry_oklob_enclosed
Orc:2:    grunt_orc_gardens, grunt_orc_garden, grunt_orc_garden,
          grunt_orc_garden, grunt_orc_garden, uniq_saint_roka
Lab:      nicolae_lab_do_over, labyrinth_skeletal_remains
IceCv:    ice_cave_statue_garden_teleport

Skill      XL: |  1  2  3  4  5  6  7  8  9 10 11 12 13 14 |
---------------+-------------------------------------------+-----
Earth Magic    | 4 5 6 7 8 9 10 11 | 11.9
Spellcasting   | 3 4 5 6 8 9 10 11 12 13 | 13.8
Fighting       | 1 3 5 6 7 8 |  8.4
Dodging        | 2 3 4 5 6 |  6.6
Conjurations   | 8 9 10 11 | 11.4
Evocations     | 1 3 4 5 6 |  6.8
Fire Magic     | 1 3 4 6 |  6.7
Armour         | 2 4 5 |  5.0
Shields        | 3 |  3.1
Stealth        | |  2.1
Transmutations | |  0.7

Action                   |  1- 3 |  4- 6 |  7- 9 | 10-12 | 13-15 || total
-------------------------+-------+-------+-------+-------+-------++-------
Melee: Spear             |     4 |    85 |    19 |    24 |    23 ||   155
       Short sword       |       |       |       |       |    78 ||    78
Throw: Stone             |    60 |   106 |    57 |    32 |    14 ||   269
 Cast: Sandblast         |    59 |    75 |    95 |     1 |       ||   230
       Stone Arrow       |       |    13 |    97 |   364 |   548 ||  1022
       Lee's Rapid Decon |       |       |       |    20 |    35 ||    55
       Sticky Flame      |       |       |       |    13 |     9 ||    22
       Fireball          |       |       |       |    17 |    36 ||    53
       Conjure Flame     |       |       |       |     2 |     3 ||     5
       Blink             |       |       |       |       |     4 ||     4
 Abil: Fly               |       |       |       |       |     1 ||     1
Evoke: Wand              |       |       |       |    12 |     5 ||    17
  Use: Scroll            |       |     5 |     2 |    18 |    12 ||    37
       Potion            |       |       |     1 |     3 |     4 ||     8
 Stab: Sleeping          |       |       |     2 |     1 |     1 ||     4
  Eat: Chunk             |     2 |     8 |    14 |    27 |    25 ||    76
       Bread ration      |       |       |       |     2 |     3 ||     5
Armor: Robe              |    10 |    42 |    36 |       |    87 ||   175
       Leather armour    |       |       |     4 |    32 |   112 ||   148
       Skin              |       |       |       |    24 |       ||    24
Dodge: Dodged            |    16 |    66 |    58 |    80 |   310 ||   530
Block: Other             |       |       |       |       |    26 ||    26
       Reflection        |       |       |       |       |     1 ||     1
